Workbook
Name ColumnTitleRegion2..G14.1: [1]Presupuesto!#REF!
Name OLE_LINK2: PRESUPUESTO!$C$21
Name TítuloColumna1: [1]!Presupuesto[[#Headers],[CANTIDAD]]
Name TítuloColumna1: [1]!Presupuesto[[#Headers],[CANTIDAD]]

Sheet PRESUPUESTO
A1: LOTE 1 | C1: EIVISSA Y LA SAVINA
A2: 1 | C2: ESTACIÓN MARÍTIMA BOTAFOC
A3: 01.01 | B3: m | C3: Bancada 5plazas + 1 asiento PMR
C4: Suministro e instalación de Bancada de Espera del mismo modelo que las existentes
C5: de 5 plazas más 1 asiento para persona con movilidad reducida (PMR), totalizando 6
C6: plazas por unidad. Las bancadas serán de asiento y respaldo en poliuretano color negro,
C7: con estructura aluminizada. Incluye asiento minusválido y brazos en los extremos.
C8: El servicio incluye la entrega del mobiliario en la Estación Marítima de Botafoc,
C9: la reubicación y movimiento de las bancadas existentes en la misma terminal,
C10: el montaje completo de las bancadas nuevas y su instalación en la ubicación
C11: final designada por la APB.
C12: En esta partida se incluyen todos los posibles gastos indirectos
C13: subyacentes de la propia partida. También se incluyen todos aquellos
C14: materiales, elementos, accesorios, medios (mecánicos, humanos) y
C15: recursos necesarios para su total puesta en servicio y ayudas
... C20: Descomposición
C21: mo087 | D21: h | E21: Ayudante instalador. | F21: 4 | G21: 21.94 | H21: =+F21*G21 -> 87.76
C22: mt26dbe010a | D22: m | E22: Bancada 5 plazas + 1 asiento PMR | F22: 1 | G22: 4895.97 | H22: =+F22*G22 -> 4895.97
C23: 5 | D23: % | E23: Costes indirectos | F23: =SUM(H21:H22) -> 4983.73 | G23: 0.05 | H23: =+F23*G23 -> 249.1865
C24: %2PM | D24: % | E24: Pequeño material | F24: =SUM(H21:H23) -> 5232.9165 | G24: 0.02 | H24: =+F24*G24 -> 104.65833
C25: %6MA | D25: % | E25: Medios auxiliares | F25: =SUM(H21:H24) -> 5337.5748 | G25: 0.06 | H25: =+F25*G25 -> 320.25449
C26: %GG | D26: % | E26: Gastos generales (13%) | F26: =SUM(H21:H25) -> 5657.8293 | G26: 0.13 | H26: =+F26*G26 -> 735.51781
C27: %BI | D27: % | E27: Beneficio industrial (6%) | F27: =SUM(H21:H25) -> 5657.8293 | G27: 0.06 | H27: =+F27*G27 -> 339.46976
H28: =SUM(H21:H27) -> 6732.8169
C29: Medición | D29: UDS | E29: LONGITUD | F29: ANCHURA | G29: ALTURA
C30: Sala D.1.6 | D30: 10 | F30: 10
C31: Sala D.1.7 | D31: 10 | F31: 10
C32: Hall principal | D32: 6 | F32: 6
C33: Subtotal | D33: 26
F34: 26 | G34: =+H28 -> 6732.8169 | H34: =+F34*G34 -> 175053.24
A35: 01.02 | B35: m | C35: Bancada 2 plazas + 1 asiento PMR
C36: Suministro e instalación de Bancada de Espera del mismo modelo que las existentes
C37: de 2 plazas más 1 asiento para persona con movilidad reducida (PMR), totalizando 3
C38: plazas por unidad. Las bancadas serán de asiento y respaldo en poliuretano color negro,
C39: con estructura aluminizada. Incluye asiento minusválido y brazos en los extremos.
C40: El servicio incluye la entrega del mobiliario en la Estación Marítima de Botafoc,
C41: la reubicación y movimiento de las bancadas existentes en la misma terminal,
C42: el montaje completo de las bancadas nuevas y su instalación en la ubicación
C43: final designada por la APB.
C44: En esta partida se incluyen todos los posibles gastos indirectos
C45: subyacentes de la propia partida. También se incluyen todos aquellos
C46: materiales, elementos, accesorios, medios (mecánicos, humanos) y
C47: recursos necesarios para su total puesta en servicio y ayudas
... C52: Descomposición
C53: mo087 | D53: h | E53: Ayudante instalador. | F53: 4 | G53: 21.94 | H53: =+F53*G53 -> 87.76
C54: mt26dbe011a | D54: m | E54: Bancada 2 plazas + 1 asiento PMR | F54: 1 | G54: 2755.2 | H54: =+F54*G54 -> 2755.2
C55: 5 | D55: % | E55: Costes indirectos | F55: =SUM(H53:H54) -> 2842.96 | G55: 0.05 | H55: =+F55*G55 -> 142.148
C56: %2PM | D56: % | E56: Pequeño material | F56: =SUM(H53:H55) -> 2985.108 | G56: 0.02 | H56: =+F56*G56 -> 59.70216
C57: %6MA | D57: % | E57: Medios auxiliares | F57: =SUM(H53:H56) -> 3044.8102 | G57: 0.06 | H57: =+F57*G57 -> 182.68861
C58: %GG | D58: % | E58: Gastos generales (13%) | F58: =SUM(H53:H57) -> 3227.4988 | G58: 0.13 | H58: =+F58*G58 -> 419.57484
C59: %BI | D59: % | E59: Beneficio industrial (6%) | F59: =SUM(H53:H57) -> 3227.4988 | G59: 0.06 | H59: =+F59*G59 -> 193.64993
H60: =SUM(H53:H59) -> 3840.7235
C61: Medición | D61: UDS | E61: LONGITUD | F61: ANCHURA | G61: ALTURA
C62: Hall principal | D62: 20 | E62: 20
C63: Subtotal | D63: 20
F64: 20 | G64: =+H60 -> 3840.7235 | H64: =+F64*G64 -> 76814.471
F65: TOTAL 01 | H65: =+H64+H34 -> 251867.71
A66: 2 | C66: ESTACIÓN MARÍTIMA LA SAVINA (FORMENTERA)
A67: 02.01 | B67: m | C67: Bancada 3 plazas + 1 asiento PMR
C68: Suministro e instalación de Bancada de Espera del mismo modelo que las existentes
C69: de 3 plazas más 1 asiento para persona con movilidad reducida (PMR), totalizando 4
C70: plazas por unidad. Las bancadas serán de asiento y respaldo en poliuretano color negro,
C71: con estructura aluminizada. Incluye asiento minusválido y brazos en los extremos.
C72: El servicio incluye la entrega del mobiliario en la Estación Marítima de La Savina (Formentera),
C73: la reubicación y movimiento de las bancadas existentes en la misma terminal,
C74: el montaje completo de las bancadas nuevas y su instalación en la ubicación
C75: final designada por la APB.
C76: En esta partida se incluyen todos los posibles gastos indirectos
C77: subyacentes de la propia partida. También se incluyen todos aquellos
C78: materiales, elementos, accesorios, medios (mecánicos, humanos) y
C79: recursos necesarios para su total puesta en servicio y ayudas
... C84: Descomposición
C85: mo087 | D85: h | E85: Ayudante instalador. | F85: 4 | G85: 21.94 | H85: =+F85*G85 -> 87.76
C86: mt26dbe012a | D86: m | E86: Bancada 3 plazas + 1 asiento PMR | F86: 1 | G86: 3418.2 | H86: =+F86*G86 -> 3418.2
C87: 5 | D87: % | E87: Costes indirectos | F87: =SUM(H85:H86) -> 3505.96 | G87: 0.05 | H87: =+F87*G87 -> 175.298
C88: %2PM | D88: % | E88: Pequeño material | F88: =SUM(H85:H87) -> 3681.258 | G88: 0.02 | H88: =+F88*G88 -> 73.62516
C89: %6MA | D89: % | E89: Medios auxiliares | F89: =SUM(H85:H88) -> 3754.8832 | G89: 0.06 | H89: =+F89*G89 -> 225.29299
C90: %GG | D90: % | E90: Gastos generales (13%) | F90: =SUM(H85:H89) -> 3980.1761 | G90: 0.13 | H90: =+F90*G90 -> 517.4229
C91: %BI | D91: % | E91: Beneficio industrial (6%) | F91: =SUM(H85:H89) -> 3980.1761 | G91: 0.06 | H91: =+F91*G91 -> 238.81057
H92: =SUM(H85:H91) -> 4736.4096
C93: Medición | D93: UDS | E93: LONGITUD | F93: ANCHURA | G93: ALTURA
C94: Hall principal | D94: 9 | F94: 9
C95: Subtotal | D95: 9
F96: 9 | G96: =+H92 -> 4736.4096 | H96: =+F96*G96 -> 42627.687
A97: 02.02 | B97: m | C97: Bancada 2 plazas + 1 asiento PMR
C98: Suministro e instalación de Bancada de Espera del mismo modelo que las existentes
C99: de 2 plazas más 1 asiento para persona con movilidad reducida (PMR), totalizando 3
C100: plazas por unidad. Las bancadas serán de asiento y respaldo en poliuretano color negro,
C101: con estructura aluminizada. Incluye asiento minusválido y brazos en los extremos.
C102: El servicio incluye la entrega del mobiliario en la Estación Marítima de la Savina (Formentera),
C103: la reubicación y movimiento de las bancadas existentes en la misma terminal,
C104: el montaje completo de las bancadas nuevas y su instalación en la ubicación
C105: final designada por la APB.
C106: En esta partida se incluyen todos los posibles gastos indirectos
C107: subyacentes de la propia partida. También se incluyen todos aquellos
C108: materiales, elementos, accesorios, medios (mecánicos, humanos) y
C109: recursos necesarios para su total puesta en servicio y ayudas
... C114: Descomposición
C115: mo087 | D115: h | E115: Ayudante instalador. | F115: 4 | G115: 21.94 | H115: =+F115*G115 -> 87.76
C116: mt26dbe011a | D116: m | E116: Bancada 2 plazas + 1 asiento PMR | F116: 1 | G116: 2755.2 | H116: =+F116*G116 -> 2755.2
...

Sheet PROPOSICION ECONOMICA L1
A1: Plantilla de autocálculo para la presentación de ofertas del expediente
A2: INV25-0117:” ADQUISICIÓN E INSTALACIÓN DE UN SISTEMA MODULAR DE BANCADAS PARA LAS ESTACIONES MARÍTIMAS DE EIVISSA, LA SAVINA Y MAÓ DE LA AUTORIDAD PORTUARIA DE BALEARES
A5: PROPOSICIÓN ECONÓMICA LOTE 1
A6: Rellene únicamente las celdas en blanco.
A8: EMPRESA LICITADORA:
A11: Nº | B11: DESCRIPCIÓN | C11: Medición de licitación | D11: Precio de licitación | E11: Importe licitación | F11: Precio ofertado | G11: Importe ofertado
A12: 1 | B12: LOTE 1: EIVISSA Y LA SAVINA
A13: 1.1 | B13: =+PRESUPUESTO!C2 -> ESTACIÓN MARÍTIMA BOTAFOC
A14: 1.1.01 | B14: =+PRESUPUESTO!C3 -> Bancada 5plazas + 1 asiento PMR | C14: =+PRESUPUESTO!F34 -> 26 | D14: =+PRESUPUESTO!G34 -> 6732.8169 | E14: =ROUND(C14*D14,2) -> 175053.24 | F14: 0 | G14: =IF(F14>D14,F14/0,ROUND(C14*F14,2)) -> 0
A15: 1.1.02 | B15: =+PRESUPUESTO!C35 -> Bancada 2 plazas + 1 asiento PMR | C15: =+PRESUPUESTO!F64 -> 20 | D15: =+PRESUPUESTO!G64 -> 3840.7235 | E15: =ROUND(C15*D15,2) -> 76814.47 | F15: 0 | G15: =IF(F15>D15,F15/0,ROUND(C15*F15,2)) -> 0
A16: 1.2 | B16: =+PRESUPUESTO!C66 -> ESTACIÓN MARÍTIMA LA SAVINA (FORMENTERA)
A17: 1.2.01 | B17: =+PRESUPUESTO!C67 -> Bancada 3 plazas + 1 asiento PMR | C17: =+PRESUPUESTO!F96 -> 9 | D17: =+PRESUPUESTO!G96 -> 4736.4096 | E17: =ROUND(C17*D17,2) -> 42627.69 | F17: 0 | G17: =IF(F17>D17,F17/0,ROUND(C17*F17,2)) -> 0
A18: 1.2.02 | B18: =+PRESUPUESTO!C97 -> Bancada 2 plazas + 1 asiento PMR | C18: =+PRESUPUESTO!F126 -> 1 | D18: =+PRESUPUESTO!G126 -> 3840.72 | E18: =ROUND(C18*D18,2) -> 3840.72 | F18: 0 | G18: =IF(F18>D18,F18/0,ROUND(C18*F18,2)) -> 0
E19: =SUM(E14:E18) -> 298336.12 | G19: =IF(SUM(G12:G18)=20000,0,SUM(G12:G18)) -> 0
A21: TOTAL PROPOSICIÓN ECONÓMICA DEL LICITADOR (sin IVA): | F21: =IF(G19<=E19,G19,"ERROR: Límite superado") -> 0
A22: ATENCIÓN: La cifra que debe introducir en la plataforma de contratación es esta ↗

Sheet PROPOSICION ECONOMICA L2
A1: Plantilla de autocálculo para la presentación de ofertas del expediente
A2: INV25-0117:” ADQUISICIÓN E INSTALACIÓN DE UN SISTEMA MODULAR DE BANCADAS PARA LAS ESTACIONES MARÍTIMAS DE EIVISSA, LA SAVINA Y MAÓ DE LA AUTORIDAD PORTUARIA DE BALEARES
A5: PROPOSICIÓN ECONÓMICA LOTE 2
A6: Rellene únicamente las celdas en blanco.
A8: EMPRESA LICITADORA:
A11: Nº | B11: DESCRIPCIÓN | C11: Medición de licitación | D11: Precio de licitación | E11: Importe licitación | F11: Precio ofertado | G11: Importe ofertado
A12: 2 | B12: LOTE 2: MAÓ
A13: 2.1 | B13: =+PRESUPUESTO!C132 -> ESTACIÓN MARÍTIMA MAÓ
A14: 2.1.1 | B14: =+PRESUPUESTO!C133 -> Bancada 3 plazas + 1 asiento PMR | C14: =+PRESUPUESTO!F162 -> 15 | D14: =+PRESUPUESTO!G162 -> 4736.4096 | E14: =ROUND(C14*D14,2) -> 71046.14 | F14: 0 | G14: =IF(F14>D14,F14/0,ROUND(C14*F14,2)) -> 0
E15: =SUM(E12:E14) -> 71046.14 | G15: =IF(SUM(G12:G14)=20000,0,SUM(G12:G14)) -> 0
A17: TOTAL PROPOSICIÓN ECONÓMICA DEL LICITADOR (sin IVA): | F17: =IF(G15<=E15,G15,"ERROR: Límite superado") -> 0
A18: ATENCIÓN: La cifra que debe introducir en la plataforma de contratación es esta ↗
